Minoru, lawful male human Samurai ---------- ------- #.^.......+ ----- ##r......####|........| |...-########|.....| # #......<(.| |...| ####|...*..## #|........| |+..| # #---+-.- #---------- |....##### ############## |...| ## # ----- ## # #### # # # # # ## # -.---+--# |......|# |......|# |......|# |.$.....# -------- Minoru the Ninja Experience level: 6 Strength: 12 Dexterity: 18 Constitution: 18 Intelligence: 9 Wisdom: 9 Charisma: 7 Health: 0(62) Energy: 20(20) Def: 10 Gold: 1369 Moves: 2934 Dungeon seed: 8c61pY8JN28wU9ko Game ID: Minoru_1496341493 Your Inventory: Coins $ - 1369 gold pieces Weapons a - an uncursed +0 katana (weapon in hand) c - an uncursed +0 yumi (alternate weapon; not wielded) d - 22 uncursed +0 ya (in quiver) o - 37 uncursed +0 darts p - an uncursed +1 dart A - 19 blessed +0 arrows B - a cursed +0 arrow C - a blessed +1 arrow D - 3 uncursed +0 arrows E - a cursed -1 arrow G - a blessed +2 arrow I - an uncursed +4 orcish dagger named non-cursed Armor e - an uncursed rustproof +0 splint mail (being worn) n - an uncursed +1 orcish helm (being worn) r - an uncursed +0 cloak of invisibility (being worn) N - an uncursed +0 pair of yugake named non-cursed (being worn) Comestibles l - 3 uncursed lichen corpses U - 3 uncursed gunyoki Scrolls f - a cursed scroll of light j - 3 uncursed scrolls of identify s - a cursed scroll of remove curse Potions i - an uncursed potion of acid m - an uncursed potion of object detection v - an uncursed potion of sake H - 2 uncursed potions of hallucination Rings Y - a cursed ring of polymorph Tools k - an uncursed leash L - a blessed tallow candle (0:200) M - an uncursed magic marker (0:68) S - an uncursed skeleton key T - an uncursed osaku Gems q - 3 uncursed worthless pieces of yellowish brown glass y - an uncursed amber stone z - an uncursed worthless piece of white glass K - an uncursed worthless piece of red glass Q - an uncursed worthless piece of green glass Spells and supernatural/magical abilities: Name Level Category Fail Memory T - turn undead 6 clerical 100% 96% W - pray for help -- divine ? -- Your skills at the end: Fighting Skills martial arts [Basic] Weapon Skills short sword [Basic] long sword [Skilled] bow [Basic] Spellcasting Skills Final Attributes: You were piously aligned. You were poison resistant. You were hallucinating. You were invisible. You were fast. You are dead. Vanquished creatures: a large cat a dwarf mummy a dingo 2 blue jellies a raven a yellow light a shrieker a little dog a kobold lord a kobold shaman 7 hill orcs a centipede 3 giant bats 4 orc zombies 2 iguanas 5 killer bees an acid blob 3 coyotes 3 cave spiders 2 yellow molds a red mold a gnome 3 garter snakes 2 geckos 2 jackals a kobold 2 goblins 3 sewer rats 12 grid bugs 5 lichens 2 kobold zombies 8 newts and a partridge in a pear tree 84 creatures vanquished. Genocided species: rust monsters 1 species genocided. Voluntary challenges: You used a wielded weapon 109 times, starting on turn 24. You read items or engraved 53 times, starting on turn 2028. You genocided 1 type of monster, starting on turn 2104. You never polymorphed an object. You never changed form. You used no wishes. You never split a pudding. You never wrote Elbereth's name. You violated your moral code, losing 1 point of alignment, starting on turn 2223. Dungeon overview: The Dungeons of Doom: levels 1 to 8 Level 1 a long staircase Level 2 an altar to Susanowo, a fountain a long staircase Level 3 Level 4 a sink Level 5 a fountain Level 6 a general store, a fountain Level 7 Level 8 <- You were here History has recorded: On T:1 you entered the Dungeons of Doom to retrieve the Amulet of Yendor! On T:230 you reached level 2 of The Dungeons of Doom. On T:394 you advanced to experience level 2. On T:476 you reached level 3 of The Dungeons of Doom. On T:679 you advanced to experience level 3. On T:706 you reached level 4 of The Dungeons of Doom. On T:737 you reached level 5 of The Dungeons of Doom. On T:1228 you advanced to experience level 4. On T:1312 you reached level 6 of The Dungeons of Doom. On T:1484 you advanced to experience level 5. On T:1626 you advanced to experience level 6. On T:1753 you reached level 7 of The Dungeons of Doom. On T:1951 you reached level 8 of The Dungeons of Doom. Score breakdown: Gold: 1369 (10670 points) Experience: 6 levels (12456 points) Exploration: 8 levels ( 17.78%) (11965 points) Discoveries: 9 items ( 3.66%) ( 5738 points) Valuables value: (no points given unless you survive) Artifact value: 0 ( 0 points) Variety of kills: 32 monsters ( 8.40%) ( 8694 points) Turncount: 2934 turns ( -567 points) Survival: died (score multiplied by 80%) Total score: 39164 Latest messages: You shoot 2 ya. The 1st ya hits it. The 2nd ya hits it. You shoot 2 ya. The 1st ya hits it. You kill it! You are now wielding your katana. c - an uncursed +0 yumi (alternate weapon; not wielded). You have a little trouble lifting d - an uncursed +0 ya (in quiver). Pick an object. A straw golem on the floor of a room. You have a little trouble lifting d - an uncursed +0 ya (in quiver). You hear a wolf howling at the moon. The giant ant misses. You hit the large kobold! The water nymph bites! You miss the ghoul. You hit the beholder! The tengu bites! The hobgoblin misses. You kill the pit viper! You hear a wolf howling at the moon. You stop searching. The red mold butts! You die... Final status: Sayonara Minoru the Samurai, killed by a hallucinogen-distorted black unicorn... You died in The Dungeons of Doom on dungeon level 8 with 39164 points, and 1369 pieces of gold, after 2934 moves. You were level 6 with a maximum of 62 hit points when you died.